 Dungeon Crawl Stone Soup version 0.29-a0-266-gf56f883ddd (webtiles) character file.

Game seed: 9595105401970663989

1727 spaghetti the Skirmisher (level 8, 4/73 HPs)
             Began as a Demigod Fighter on Mar 6, 2022.
             Quit the game on level 12 of the Dungeon.
             The game lasted 00:09:00 (4902 turns).

spaghetti the Skirmisher (Demigod Fighter)          Turns: 4902, Time: 00:09:01

Health: 4/73       AC:  5    Str: 15 (17) XL:     8   Next: 47%
Magic:  17/17      EV: 10    Int: 18      God:
Gold:   254        SH:  4    Dex: 11 (13) Spells: 10/15 levels left

rFire   + + .      SeeInvis .   a - +3 dagger (venom) {short}
rCold   + . .      Faith    .   g - +0 buckler
rNeg    . . .      Spirit   .   t - +2 leather armour "Cumicvat" {Fly rC+}
rPois   .          Reflect  .   (no helmet)
rElec   .          Harm     .   (no cloak)
rCorr   .          Rampage  .   (no gloves)
Will    .....      Rage     1%  (no boots)
Stlth   +.........              p - amulet of regeneration {@e2}
HPRegen 1.02/turn               (no ring)
MPRegen 0.15/turn               (no ring)

@: flying
A: high MP 1, forlorn, divine attributes, berserk 1, fire resistance 2
a: no special abilities


You were on level 12 of the Dungeon.
You visited 1 branch of the dungeon, and saw 11 of its levels.

You collected 390 gold pieces.
You spent 136 gold pieces at shops.


Innate Abilities, Weirdness & Mutations

You have an increased reservoir of magic. (+10% MP)
You shall have no god before yourself.
Your divine heritage dramatically boosts your attributes as you level up.
You tend to lose your temper in combat.
Your flesh is very heat resistant. (rF++)


   Skills:
 - Level 7.0 Fighting
 - Level 2.6 Armour
 - Level 2.6 Shields
 - Level 1.7 Unarmed Combat
 + Level 4.3 Spellcasting
 + Level 4.5 Hexes
 - Level 4.0 Summonings


You had 10 spell levels left.
You knew the following spells:

 Your Spells              Type           Power      Damage    Failure   Level
a - Summon Mana Viper     Hex/Summ       19%        N/A       73%         5

Your spell library contained the following spells:

 Spells                   Type           Power      Damage    Failure   Level
 Slow                     Hex            80%        N/A       3%          1
 Spider Form              Tmut/Pois      3%         N/A       56%         3
 Fulminant Prism          Conj/Hex       6%         3d7       65%         4

Inventory:

Hand Weapons
 a - a +3 dagger of venom (weapon) {short}
   (You took it off a goblin on level 2 of the Dungeon)
 b - a +0 hunting sling {sling}
   (You found it on level 2 of the Dungeon)
Missiles
 f - a throwing net (quivered) {=f!fthrowing}
 j - 36 poisoned darts {throwing}
 l - 119 stones {throwing}
 q - 5 curare-tipped darts {=fthrowing}
Armour
 g - a +0 buckler (worn)
 t - the +2 leather armour "Cumicvat" (worn) {Fly rC+}
   (You found it on level 4 of the Dungeon)

   rC:        It protects you from cold.
   Fly:       It grants you flight.
Jewellery
 i - a +6 ring of intelligence
   (You found it on level 4 of the Dungeon)
 k - an amulet of the acrobat
   (You found it on level 3 of the Dungeon)
 p - an amulet of regeneration (around neck) {@e2}
   (You found it on level 4 of the Dungeon)
Wands
 r - a wand of polymorph (9)
   (You found it on level 4 of the Dungeon)
 s - a wand of iceblast (11)
   (You found it on level 4 of the Dungeon)
 v - a wand of flame (15)
   (You found it on level 7 of the Dungeon)
Scrolls
 e - 4 scrolls of identify {@r1}
 h - 2 scrolls of magic mapping {!r}
 w - a scroll of silence {!r}
Potions
 m - a potion of degeneration {!q@e2}
 z - a potion of flight {unknown}

Dungeon Overview and Level Annotations

Branches:
Dungeon (10/15)            Temple (0/1) D:5
   Lair: D:8-11         Orc: D:9-12

Shops:
D:2 [

Annotations:
D:6 Eustachio

ZS.....∩..∩
≈≈≈....5...
≈≈WS≈≈≈≈≈≈≈≈ .Y≈≈≈≈≈
≈E. ##. #...... ...
###... #......
#.##+......
#.hh...#####.......8..
+@T.## #E.......
###..# #W......# ##5#
#.......#
#.###........
#.Y##........
##..'........
####........ ##+#..8..
#....


You could see a yak, a troll, 2 hell hounds, a shadow, 2 electric eels, a white
imp and a centaur warrior simulacrum.


Message History

You hit the yak but do no damage.
The yak looks as sick as possible!
The yak gores you but does no damage. 😱 HP[+1] MP[+1]
Your mp is fully restored (17).
You hit the yak but do no damage.
The yak looks as sick as possible!
The yak gores you but does no damage. 😱 HP[+1]
You hit the yak.
The yak looks as sick as possible!
The yak gores you but does no damage. 😱 HP[+1]
You barely miss the yak. You block the yak's attack. 😱 HP[+1]
You hit the yak but do no damage.
The yak looks as sick as possible!
You block the yak's attack. 😱 HP[+1]
You barely miss the yak.
You kill the yak!
You feel your strength returning. 😨 HP[+1]
You cannot move.
You start resting.
Your transformation is almost over.
You feel a little less clever now.
You feel less wooden.
The +2 leather armour "Cumicvat" {Fly rC+} unmelds from your body.
You fly up into the air. 😎 HP[+45]
You now have 73 max hp (-36).
Your hp is fully restored (73).
Unknown command.
l - 119 stones {throwing} (gained 12)
You see here a yak corpse.
A sourceless malevolence fills the Dungeon...
You are sucked into a shaft and drop 2 floors!
The shaft crumbles and collapses.
You feel a wave of frost pass over you.
There is an entrance to an ice cave on this level.
Hurry and find it before the portal melts!
An ufetubus, a white imp, an ice beast, a troll and a water elemental come into view.
The white imp shouts!
Okay, then.
Okay, then.
The white imp gestures at you. You block the puff of frost.
A wraith comes into view.
The troll attacks as you move away! The troll closely misses you.
The troll barely misses you. The troll claws you but does no damage.
The ice beast closely misses you.
You reach down and open the door.
The troll bites you! You block the troll's attack. The troll claws you.
The white imp gestures at you. The puff of frost hits you. You resist.
The ice beast closely misses you. 😮 HP[-23]
You take 23 damage, and now have 50/73 hp.
MASSIVE DAMAGE!! (PAUSE)
The troll attacks as you move away! The troll barely misses you.
The troll claws you but does no damage. The troll closely misses you.
There is an open door here. 😮 HP[+1] 😮 HP[+1]
The troll attacks as you move away! The troll barely misses you.
The troll claws you but does no damage. The troll closely misses you. 😮 HP[+1]
The troll attacks as you move away! The troll bites you! The troll claws you.
* * * LOW HITPOINT WARNING * * *
You block the troll's attack. 😨 HP[-19]
You take 19 damage, and now have 34/73 hp.
MASSIVE DAMAGE!! (PAUSE)
An ufetubus comes into view.
The ufetubus moves out of view. 😨 HP[+1]
An electric eel comes into view.
The electric eel shoots out a bolt of lightning at you!
The bolt of electricity hits the ufetubus!
The ufetubus dies!
The bolt of electricity misses you.
You hear a bellow! 😨 HP[+1]
A hell hound comes into view. x2; A shadow comes into view. 😮 HP[+1]
The troll attacks as you move away! The troll misses you. The troll claws you.
* * * LOW HITPOINT WARNING * * *
The troll claws you!
* * * LOW HITPOINT WARNING * * *
A yak comes into view.
The yak bellows!
The hell hound barks! x2; You hear a bark!
You hear a shout!
A centaur warrior simulacrum comes into view.
The hell hound breathes flames at you. The blast of flame hits you. You resist.
* * * LOW HITPOINT WARNING * * *
An electric eel comes into view.
The electric eel shoots out a bolt of lightning at you!
The bolt of electricity hits you!
* * * LOW HITPOINT WARNING * * *
The bolt of electricity misses you. 😱 HP[-33]
You take 33 damage, and now have 4/73 hp.
MASSIVE DAMAGE!! (PAUSE) Unknown command.
Unknown command.
Are you sure you want to abandon this character and quit the game? (Confirm with "yes".)

Skill      XL: |  1  2  3  4  5  6  7  8 |
---------------+-------------------------+-----
Fighting       | 3 4 5 6 7 |  7.0
Spellcasting   | 1 3 4 |  4.3
Hexes          | 1 3 4 |  4.5
Summonings     | 1 3 4 |  4.0
Armour         | |  2.6
Shields        | |  2.6
Unarmed Combat | |  1.7

Action                   |  1- 3 |  4- 6 |  7- 9 || total
-------------------------+-------+-------+-------++-------
Melee: Unarmed           |    28 |       |       ||    28
       Dagger            |    67 |   212 |   199 ||   478
       Hunting sling     |       |       |     1 ||     1
 Fire: Hunting sling     |     4 |       |     2 ||     6
Evoke: Wand              |       |     1 |       ||     1
  Use: Potion            |     1 |     1 |     8 ||    10
       Scroll            |     4 |     3 |     3 ||    10
Armor: Scale mail        |    42 |    71 |       ||   113
       Leather armour    |       |    23 |    70 ||    93
       Skin              |       |       |    20 ||    20
Dodge: Dodged            |    43 |    81 |   112 ||   236
Block: Buckler           |    20 |    49 |    56 ||   125

Levels and vault maps discovered:
D:1:      psy_arrival_spokes, layout_loops_ring,
          dreamdust_ecumenical_altar_angels_and_demons, serial_shops, shop
D:2:      layout_basic, serial_shops, nicolae_diamond_shop, basic_altar,
          chequers_decorated_corner, minmay_misc_feat_rows
D:3:      layout_loops_ring
D:4:      layout_basic, serial_glass, glass_columns_a, glass_columns_c,
          moated_statue, grunt_ministairs_3, kennysheep_dice
D:5:      layout_gridville, minmay_temple_entry_statues_fountains
D:6:      layout_rooms, chequers_serial_rivers_micro_b, uniq_eustachio
D:7:      layout_gridville, nicolae_qazlal_style_of_elements
D:8:      layout_cave_pools, enter_bailey_3
D:9:      layout_roguey, uniq_erica
D:10:     layout_cave_pods
D:12:     layout_roguey, orc_0_dummy, serial_ice, serial_ice_i, serial_ice_a,
          serial_ice_o, serial_ice_g, serial_ice_n, serial_ice_m, serial_ice_c,
          portal_ice_cave_entry_pillars_2, nicolae_wu_jian_immortal_techniques,
          uniq_azrael, uniq_fannar

Notes
Turn   | Place    | Note
-------+----------+-------------------------------------------
     0 | D:1      | spaghetti the Demigod Fighter began the quest for the Orb.
     0 | D:1      | Reached XP level 1. HP: 18/18 MP: 3/3
     0 | D:1      | magus.rc [v1.9.6]
    28 | D:2      | HP: 4/18 [poisoned by an adder]
    29 | D:2      | Reached skill level 3 in Fighting
    29 | D:2      | Reached XP level 2. HP: 6/26 MP: 4/4
   306 | D:2      | Found Xoidaid's Antique Armour Boutique.
   545 | D:2      | HP: 6/26 [adder (3)]
   547 | D:2      | HP: 2/26 [adder (4)]
  1074 | D:2      | Reached skill level 4 in Fighting
  1074 | D:2      | Reached XP level 3. HP: 20/33 MP: 5/5
  1766 | D:3      | Reached XP level 4. HP: 41/41 MP: 6/6
  1960 | D:3      | You add the spells Slow, Spider Form, Fulminant Prism and
                  | Summon Mana Viper to your library.
  1960 | D:3      | Got the Tome of Mutagenic Hexes
  2084 | D:2      | Bought a smoking robe for 136 gold pieces
  2084 | D:2      | Identified the +2 robe of the Saviour {Will+ rCorr Int-5}
                  | (You bought it in a shop on level 2 of the Dungeon)
  2151 | D:3      | Reached skill level 5 in Fighting
  2526 | D:4      | Noticed a kobold brigand
  2552 | D:4      | Killed a kobold brigand
  2553 | D:4      | Reached XP level 5. HP: 34/50 MP: 7/7
  2591 | D:4      | Reached skill level 6 in Fighting
  2653 | D:4      | Reached XP level 6. HP: 57/58 MP: 8/8
  2742 | D:4      | Identified the +2 leather armour "Cumicvat" {Fly rC+}
  2873 | D:4      | Learned a level 5 spell: Summon Mana Viper
  3149 | D:5      | Entered Level 5 of the Dungeon
  3320 | D:5      | Found a staircase to the Ecumenical Temple.
  3348 | D:5      | Reached skill level 7 in Fighting
  3348 | D:5      | Reached skill level 1 in Spellcasting
  3348 | D:5      | Reached skill level 1 in Hexes
  3348 | D:5      | Reached skill level 1 in Summonings
  3450 | D:5      | Reached XP level 7. HP: 62/65 MP: 12/12
  3509 | D:5      | Reached skill level 2 in Summonings
  3515 | D:5      | Reached skill level 2 in Hexes
  3867 | D:5      | Reached skill level 2 in Spellcasting
  4133 | D:7      | Reached skill level 3 in Hexes
  4133 | D:7      | Reached skill level 3 in Summonings
  4174 | D:7      | Noticed a fire elemental
  4182 | D:7      | Noticed an air elemental
  4182 | D:7      | Noticed a water elemental
  4236 | D:6      | Noticed Eustachio
  4361 | D:8      | Reached skill level 3 in Spellcasting
  4361 | D:8      | Reached XP level 8. HP: 68/72 MP: 15/15
  4427 | D:8      | HP: 12/72 [kobold brigand/+0 whip (7)]
  4636 | D:9      | HP: 18/73 [wyvern (16)]
  4768 | D:10     | Entered Level 10 of the Dungeon
  4780 | D:10     | Gained mutation: You tend to lose your temper in combat.
                  | [potion of mutation]
  4780 | D:10     | Gained mutation: Your flesh is heat resistant. (rF+)
                  | [potion of mutation]
  4780 | D:10     | Gained mutation: Your flesh is very heat resistant. (rF++)
                  | [potion of mutation]
  4784 | D:10     | HP: 24/109 [yak (8)]
  4790 | D:10     | HP: 12/109 [yak (10)]
  4791 | D:10     | HP: 4/109 [yak (6)]
  4793 | D:10     | Reached skill level 4 in Spellcasting
  4793 | D:10     | Reached skill level 4 in Hexes
  4793 | D:10     | Reached skill level 4 in Summonings
  4888 | D:10     | You are sucked into a shaft and drop 2 floors!
  4888 | D:12     | Noticed a troll
  4901 | D:12     | HP: 16/73 [hell hound/blast of flame[Azrael] (5)]
  4901 | D:12     | HP: 4/73 [electric eel/bolt of electricity (12)]
  4902 | D:12     | Quit the game

Vanquished Creatures
  A wyvern (D:9)
  2 yaks (D:10)
  A sky beast (D:5)
  An ogre (D:5)
  A phantom (D:7)
  2 kobold brigands
  A bullfrog (D:8)
  3 necrophages
  A scorpion (D:4)
  A jelly (D:5)
  An orc priest (D:8)
  4 hounds
  3 iguanas
  2 orc wizards
  7 adders
  7 gnolls
  2 white imps
  5 dart slugs
  16 orcs
  5 endoplasms
  2 giant cockroaches (D:4)
  4 goblins
  5 hobgoblins
  3 jackals (D:4)
  3 quokkas
  5 ball pythons
  6 bats
  2 frilled lizards
  7 kobolds
  5 rats
108 creatures vanquished.

Vanquished Creatures (collateral kills)
  A phantom (D:5)
  2 orcs (D:5)
3 creatures vanquished.

Vanquished Creatures (others)
  An ufetubus (D:12)
1 creature vanquished.

Grand Total: 112 creatures vanquished

Table legend:
 A = Non-vault XP
 B = Vault XP
 C = Vault XP percentage of total XP
 D = Non-vault monster count
 E = Vault monster count
 F = Vault count percentage of total count
                 A         B        C        D         E       F
            +---------+---------+-------+---------+---------+-------
      Total |    2369 |      99 |   4.0 |     108 |       3 |   2.7
            +---------+---------+-------+---------+---------+-------
        D:2 |     101 |       0 |   0.0 |      18 |       0 |   0.0
        D:3 |      78 |       0 |   0.0 |      26 |       0 |   0.0
        D:4 |     279 |      99 |  26.2 |      27 |       3 |  10.0
        D:5 |     723 |       0 |   0.0 |      16 |       0 |   0.0
        D:6 |      39 |       0 |   0.0 |       3 |       0 |   0.0
        D:7 |     175 |       0 |   0.0 |       4 |       0 |   0.0
        D:8 |     365 |       0 |   0.0 |       9 |       0 |   0.0
        D:9 |     217 |       0 |   0.0 |       3 |       0 |   0.0
       D:10 |     392 |       0 |   0.0 |       2 |       0 |   0.0
            +---------+---------+-------+---------+---------+-------

Illustrated notes

Table legend:
 A = Kills in this place as a percentage of kills in entire the game.
 B = Kills by you in this place as a percentage of kills by you in the entire game.
 C = Kills by friends in this place as a percentage of kills by friends in the entire game.
 D = Other kills in this place as a percentage of other kills in the entire game.
 E = Experience gained in this place as a percentage of experience gained in the entire game.
 F = Experience gained in this place divided by the number of levels of this place that you have seen.
                   A       B       C       D       E      F
               +-------+-------+-------+-------+-------+----------------------
         Total | 100.0 | 100.0 | 100.0 |   N/A | 100.0 | 224.4
       Dungeon | 100.0 | 100.0 | 100.0 |   N/A | 100.0 | 224.4
               +-------+-------+-------+-------+-------+----------------------

Table legend: (Time is in decaauts)
 A = Elapsed time spent in this place.
 B = Non-inter-level travel time spent in this place.
 C = Inter-level travel time spent in this place.
 D = Time resting spent in this place.
 E = Time spent auto-exploring this place.
 F = Levels seen in this place.
 G = Mean time per level.
                   A        B        C        D        E       F      G
               +--------+--------+--------+--------+--------+-----+--------+
         Total |   4928 |   4730 |    198 |   1131 |   2594 |  11 |  448.0 |
       Dungeon |   4928 |   4730 |    198 |   1131 |   2594 |  11 |  448.0 |
               +--------+--------+--------+--------+--------+-----+--------+

Top non-repeatable levels by time:
     D:2: 1290 daAuts
     D:3: 933 daAuts
     D:5: 871 daAuts
     D:4: 709 daAuts
     D:9: 311 daAuts
     D:1: 229 daAuts
     D:8: 212 daAuts
     D:7: 162 daAuts
    D:10: 120 daAuts
     D:6: 74 daAuts
    D:12: 13 daAuts
